 Dungeon Crawl Stone Soup version 0.22-a0-776-ge6d7efa (webtiles) character file.

64 sking99 the Firebug (level 3, -7/26 HPs)
             Began as a Draconian Fire Elementalist on July 18, 2018.
             Splashed by Ijyb's acid (12 damage)
             ... on level 4 of the Dungeon.
             The game lasted 00:02:45 (1677 turns).

sking99 the Firebug (Draconian Fire Elementalist)   Turns: 1677, Time: 00:02:45

Health: -7/26      AC:  1    Str: 10    XL:     3   Next: 91%
Magic:  1/6        EV: 12    Int: 16    God:
Gold:   69         SH:  0    Dex: 11    Spells: 3/6 levels left

rFire    . . .     SeeInvis .   c - +0 whip
rCold    . . .     Gourm    .   (no shield)
rNeg     . . .     Faith    .   (armour unavailable)
rPois    .         Spirit   .   (helmet restricted)
rElec    .         Reflect  .   (no cloak)
rCorr    .         Harm     .   (no gloves)
MR       .....                  (no boots)
Stlth    ++........             (no amulet)
HPRegen  0.08/turn              (no ring)
MPRegen  0.10/turn              (no ring)

@: corroded
A: unfitting armour, cold-blooded, AC +5
a: no special abilities


You were on level 4 of the Dungeon.
You were not hungry.

You visited 1 branch of the dungeon, and saw 3 of its levels.

You collected 69 gold pieces.

Inventory:

Hand Weapons
 c - a +0 whip (weapon)
Scrolls
 a - 3 scrolls of identify {unknown}
 d - 2 scrolls of random uselessness {unknown}
 e - 3 scrolls of amnesia {unknown}
 g - 3 scrolls of remove curse {unknown}
 h - a scroll of noise {unknown}
 j - a scroll of enchant weapon {unknown}
Potions
 f - a potion of agility {unknown}
 k - 2 potions of haste {unknown}
Comestibles
 b - 4 rations


   Skills:
 - Level 1.7 Dodging
 - Level 1.7 Stealth
 + Level 2.4 Spellcasting
 * Level 2.4 Conjurations
 * Level 3.8 Fire Magic


You had 3 spell levels left.
You knew the following spells:

 Your Spells              Type           Power        Failure   Level  Hunger
a - Flame Tongue          Conj/Fire      ##...        5%          1    #......
b - Throw Flame           Conj/Fire      ##....       9%          2    ###....

Your spell library contained the following spells:

 Spells                   Type           Power        Failure   Level  Hunger
 Fireball                 Conj/Fire      ##........   83%         5    ######.
 Conjure Flame            Conj/Fire      ##......     16%         3    ###....
 Sticky Flame             Conj/Fire      ##......     47%         4    #####..
 Inner Flame              Hex/Fire       #.......     26%         3    ###....


Dungeon Overview and Level Annotations

Branches:
Dungeon (2/15)

Altars:

Annotations:
D:4 Ijyb


Innate Abilities, Weirdness & Mutations

Your plain brown scales are hard. (AC +5)
You cannot fit into any form of body armour.
You are cold-blooded and may be slowed by cold attacks.


Message History

Aim: Ijyb, wearing a leather armour The puff of flame hits Ijyb.
Ijyb is lightly wounded.
Casting: Throw Flame (safe; 9% risk of failure)
Confirm with . or Enter, or press ? or * to list all spells.
Aiming: Throw Flame (safe; 9% risk of failure)
Press: ? - help, Shift-Dir - straight line, f/p - Ijyb
Aim: Ijyb, wearing a leather armour (lightly wounded)
The puff of flame hits Ijyb.
Ijyb is moderately wounded.
Casting: Throw Flame (safe; 9% risk of failure)
Confirm with . or Enter, or press ? or * to list all spells.
Aiming: Flame Tongue (safe; 5% risk of failure)
Press: ? - help, Shift-Dir - straight line, f/p - Ijyb
Aim: Ijyb, wearing a leather armour (moderately wounded)
The flame tongue misses Ijyb.
Ijyb zaps a wand.
The bolt of acid hits you!
Ouch! That really hurt!
* * * LOW HITPOINT WARNING * * *
The acid corrodes you!
You are splashed with acid!
The acid burns!
You die...

......#......#
.............#
.#####.....#
+.....#
#.....#
#.##### #.#
#.# #@# #g#
#.# #.# ..#
#.# #.# ###


You could see Ijyb.

Vanquished Creatures
  A hound (D:4)
  An adder (D:2)
  A dart slug (D:1)
  A worm (D:2)
  A leopard gecko (D:1)
  A giant cockroach (D:2)
  2 goblins (D:1)
  2 hobgoblins (D:2)
  A quokka (D:2)
  A ball python (D:1)
  3 bats
  2 frilled lizards
  4 kobolds
  A rat (D:2)
22 creatures vanquished.

Notes
Turn   | Place    | Note
-------+----------+-------------------------------------------
     0 | D:1      | sking99 the Draconian Fire Elementalist began the quest for the Orb.
     0 | D:1      | Reached XP level 1. HP: 14/14 MP: 3/3
   921 | D:1      | Reached XP level 2. HP: 15/20 MP: 1/5
   926 | D:1      | Learned a level 2 spell: Throw Flame
  1365 | D:2      | Reached XP level 3. HP: 26/26 MP: 0/6
  1465 | D:2      | You fall through a shaft for 2 floors!
  1671 | D:4      | Noticed Ijyb
  1677 | D:4      | Splashed by Ijyb's acid

Vault maps used:
D:1:      evilmike_arrival_fibonacci_small, st_stairs_6, minmay_quantized
D:2:      first_ration, uniq_crazy_yiuf_cottage
D:4:      grunt_temple_overflow_diamond, serial_shops, shop, uniq_ijyb

Skill      XL: |  1  2 |
---------------+-------+-----
Conjurations   | 2 |  2.4
Dodging        | |  1.7
Stealth        | |  1.7
Spellcasting   | |  2.4
Fire Magic     | |  3.8

Action                   || total
-------------------------++-------
 Cast: Flame Tongue      ||    40
       Throw Flame       ||     2
  Eat: Chunk             ||     3
Armor: Skin              ||     4
Dodge: Dodged            ||    15

Table legend:
 A = Spawn XP
 B = Non-spawn XP
 C = Spawn XP percentage of total XP
 D = Spawn monster count
 E = Non-spawn monster count
 F = Spawn count percentage of total count
 G = Total turns spent on level
                    A         B        C        D         E        F      G
               +---------+---------+-------+---------+---------+-------+---------
         Total |       0 |      92 |   0.0 |       0 |      22 |   0.0 |  1677
               +---------+---------+-------+---------+---------+-------+---------
           D:1 |       0 |      18 |   0.0 |       0 |      10 |   0.0 |  1154
           D:2 |       0 |      32 |   0.0 |       0 |      11 |   0.0 |   311
           D:4 |       0 |      42 |   0.0 |       0 |       1 |   0.0 |   212
               +---------+---------+-------+---------+---------+-------+---------
